 Dungeon Crawl Stone Soup version 0.29.0-4-gdea44cf6ec (webtiles) character file.

Game seed: 9423357671313551009

161893 qw the Warrior (level 17, -18/169 HPs)
             Began as a Minotaur Berserker on Sept 10, 2022.
             Was an Elder of Trog.
             Killed from afar by a merfolk aquamancer (29 damage)
             ... with a torrent of water
             ... on level 4 of the Shoals.
             The game lasted 00:13:21 (33411 turns).

qw the Warrior (Minotaur Berserker)                Turns: 33411, Time: 00:13:21

Health: -18/169    AC: 29    Str: 28      XL:     17   Next: 21%
Magic:  16/16      EV: 15    Int:  3 (4)  God:    Trog [****..]
Gold:   1016       SH: 13    Dex: 12      Spells: 16/16 levels left

rFire   + . .      SeeInvis .   x - +8 broad axe (elec)
rCold   + + .      Faith    .   w - +0 kite shield
rNeg    . . .      Spirit   .   e - +6 plate armour
rPois   .          Reflect  .   (helmet restricted)
rElec   +          Harm     .   p - scarf {rC+ rF+}
rCorr   .          Rampage  .   g - +0 pair of gloves of the Doldrums {rElec}
Will    +....                   o - +2 pair of boots
Stlth   ..........              k - amulet of regeneration
HPRegen 1.18/turn               l - ring of protection from cold
MPRegen 0.15/turn               c - +4 ring of evasion

@: lethally poisoned (-18 -> -19), afraid, engulfed (cannot breathe), on berserk
cooldown, mesmerised, very slow
A: horns 2, retaliatory headbutt, deterioration 1
a: Renounce Religion, Berserk, Trog's Hand, Brothers in Arms


You were on level 4 of the Shoals.
You worshipped Trog.
Trog was greatly pleased with you.
You visited 5 branches of the dungeon, and saw 29 of its levels.

You collected 2659 gold pieces.
You spent 1643 gold pieces at shops.


Innate Abilities, Weirdness & Mutations

You have a pair of horns on your head.
You reflexively headbutt those who attack you in melee.
Your body sometimes deteriorates upon taking damage.


   Skills:
 + Level 19.7 Fighting
 - Level 18.0 Axes
 - Level 4.1 Throwing
 - Level 18.0 Armour
 - Level 10.0 Dodging
 - Level 17.0 Shields


You had 16 spell levels left.
You didn't know any spells.
Your spell library was empty.

Inventory:

Hand Weapons
 d - a +1 broad axe of flaming
 f - the +7 war axe "Rijoff" {flame, rElec Will+ MP-9 Dex+3}
   (Trog gifted it to you on level 9 of the Dungeon)

   It burns those it strikes, dealing additional fire damage.
   Big, fiery blades are also staple armaments of hydra-hunters.
   Dex:       It affects your dexterity (+3).
   rElec:     It insulates you from electricity.
   MP:        It affects your magic capacity (-9).
   Will:      It increases your willpower.
 x - a +8 broad axe of electrocution (weapon)
Missiles
 s - 14 boomerangs (quivered)
Armour
 b - a +2 cloak
 e - a +6 plate armour (worn)
 g - the +0 pair of gloves of the Doldrums (worn) {rElec}
   (You found it on level 4 of the Dungeon)

   rElec:     It insulates you from electricity.
 o - a +2 pair of boots (worn)
 p - a scarf of resistance (worn)
 w - a +0 kite shield (worn)
Jewellery
 c - a +4 ring of evasion (right hand)
 k - an amulet of regeneration (around neck)
 l - a ring of protection from cold (left hand)
Scrolls
 m - 12 scrolls of identify
 n - 8 scrolls of teleportation
Potions
 a - 3 potions of resistance
 h - 7 potions of might
 i - 3 potions of haste
 j - 5 potions of mutation
 q - a potion of cancellation
 u - 12 potions of curing

Dungeon Overview and Level Annotations

Branches:
Dungeon (15/15)            Temple (0/1) D:6            Lair (5/5) D:9
 Shoals (4/4) Lair:2       Spider (3/4) Lair:2        Slime (0/5) Lair:5
    Orc (2/2) D:11            Elf (0/3) Orc:2        Vaults (0/5) D:14
 Depths (0/4) D:15

Altars:
Dithmenos
Fedhas
Hepliaklqana
Kikubaaqudgha
Makhleb
Nemelex Xobeh
Okawaru
Ru
Sif Muna
Trog
Vehumet
Xom
Yredelemnul
Zin

Shops:
D:14 [!*   Orc:2 **([   Shoals:1 (:[(

Annotations:
D:3 1 runed translucent door, Crazy Yiuf
D:9 2 runed translucent doors
D:14 1 transporter


Message History

The faun points at you and mumbles some strange words.
You resist with almost no effort. The satyr closely misses you.
You block the merfolk's attack.
The merfolk aquamancer closely misses you.
You block the merfolk's attack.
Your unstable footing causes you to fumble your attack.
Your lungs strain for air!
You feel sick.
The snapping turtle bites you but does no damage.
You block the cyclops's attack. The merfolk misses you.
You block the water elemental's attack.
The faun splashes around in the water.
The satyr closely misses you.
The merfolk siren chants its luring song.
You block the merfolk's attack.
The merfolk aquamancer barely misses you.
You barely miss the faun.
The faun is heavily wounded.
You hit the water elemental. You slice the cyclops!!
You slash the merfolk aquamancer! You slice the faun!!
Your lungs strain for air!
You feel sick. You block the snapping turtle's attack.
The faun casts a spell at you. You resist with almost no effort.
You block the merfolk's attack.
The merfolk siren chants its luring song.
The water elemental barely misses you. The satyr misses you.
The faun points at you and mumbles some strange words.
You resist with almost no effort.
You slice the faun!!
You kill the faun!
Trog accepts your kill.
Trog appreciates your killing of a magic user.
You hear a splash. x2
You hit the faun. You hit the water elemental. You hit the cyclops.
You slash the merfolk aquamancer!
Your lungs strain for air!
Your skin stops crawling.
You feel less strong-willed.
You feel sick.
The merfolk aquamancer casts a spell at you.
The torrent of water hits you!!
You die...

#..#..~~~..#
#..#..~~~..#
#..#..~~~..
#..#..~.~#
#..#.#~~~
#..#.~c# #
#..#c)~#.~.#
#..(@Cc~~~.+
#..~Em~~~~.+
#..#mmt.~~.#
#..#m~~~~~.#
#..#.~~.~..#
#.%#.~~.~#.#
#..#..~~~..#
#..#..~~~..
#..#


You could see a satyr (scary), a merfolk aquamancer, a snapping turtle, 2
merfolk, 2 fauns, a cyclops, a water elemental and a merfolk siren
(mesmerising).

Vanquished Creatures
  Mlioglotl (Spider:1)
  3 krakens
  Roxanne (Spider:1)
  2 broodmothers (Spider:3)
  Nessos (D:14)
  6 merfolk impalers
  An ettin (Orc:2)
  Josephine (Lair:3)
  2 great orbs of eyes (Shoals:2)
  2 boulder beetles
  5 hydras
  A jorogumo (Spider:1)
  2 radroaches
  3 merfolk avatars
  A catoblepas (Lair:4)
  A merfolk aquamancer (Shoals:2)
  A death knight (D:14)
  Erica (D:8)
  An alligator snapping turtle (Shoals:2)
  3 two-headed ogres
  4 centaur warriors
  2 death yaks
  3 satyrs
  Sonja (Lair:4)
  3 sun demons (Shoals:1)
  2 pharaoh ants
  2 goliath frogs (Shoals:2)
  3 sun moths
  4 skeletal warriors
  9 sea snakes
  7 orb spiders
  5 steelbarb worms
  A wizard (D:15)
  A necromancer (D:15)
  A lindwurm (Lair:3)
  A harpy (shapeshifter) (D:15)
  22 harpies
  An orc knight (Orc:2)
  A phantasmal warrior (D:14)
  3 deep elf pyromancers
  11 fauns
  16 wolf spiders
  6 ugly things
  14 manticores
  2 moths of wrath (Spider:1)
  5 cyclopes
  6 orc sorcerers
  9 slime creatures
  3 black mambas
  12 elephants
  4 merfolk sirens
  2 naga magi (D:15)
  7 water nymphs
  Maurice (D:10)
  An elephant (shapeshifter) (D:15)
  An unseen horror (shapeshifter) (D:14)
  4 torpor snails
  2 centaur skeletons (D:15)
  Maggie (D:7)
  17 cane toads
  2 kobold demonologists
  7 rime drakes
  3 unseen horror zombies (D:9)
  2 freezing wraiths (D:14)
  7 komodo dragons
  4 demonic crawlers
  4 trolls
  7 meliai
  3 polar bears (Lair:5)
  21 tarantellas
  6 wind drakes
  8 merfolk
  2 hornets
  6 dream sheep
  Grinder (D:3)
  10 snapping turtles
  9 culicivoras
  8 jumping spiders
  6 water elementals
  3 wyverns
  A human (shapeshifter) (D:15)
  38 yaks
  A shadow (D:13)
  8 wraiths
  27 redbacks
  2 basilisks
  3 fire elementals (Orc:2)
  8 vampire mosquitoes
  Menkaure (D:4)
  Edmund (D:6)
  7 wargs
  30 water moccasins
  A black bear (shapeshifter) (D:14)
  4 ice beasts
  3 sky beasts
  14 orc warriors
  3 boggarts (D:14)
  An ogre (shapeshifter) (D:14)
  2 ogres
  6 centaurs
  3 wolves (Lair:3)
  2 kobold brigands
  2 phantoms
  5 bullfrogs
  4 necrophages
  A gnoll sergeant (D:9)
  5 scorpions
  A hornet simulacrum (D:15)
  20 wights
  21 killer bees
  8 howler monkeys
  An electric eel (Lair:1)
  3 centaur zombies
  13 jellies
  4 hounds
  A human zombie (D:9)
  11 orc priests
  A gnoll bouda (D:6)
  An iguana (D:4)
  Terence (D:3)
  39 orc wizards
  Natasha (twice) (D:4)
  A mummy (D:9)
  2 howler monkey zombies (D:9)
  Robin (D:3)
  17 adders
  20 gnolls
  14 white imps
  An ufetubus (D:3)
  2 worms
  2 dart slugs
  92 orcs
  4 bats
  7 endoplasms
  3 giant cockroaches
  15 goblins
  16 hobgoblins
  12 jackals (D:4)
  7 quokkas
  3 ball pythons
  2 frilled lizards (D:1)
  16 kobolds
  7 rats
  10 tentacles
922 creatures vanquished.

Vanquished Creatures (collateral kills)
  Azrael (Orc:2)
  2 catoblepae
  A pharaoh ant (Spider:2)
  3 orb spiders
  A manticore (Shoals:2)
  A demonic crawler (Spider:2)
  A rime drake (Lair:5)
  A polar bear (Lair:5)
  2 tarantellas
  A jumping spider (Spider:3)
  2 yaks (Lair:4)
  2 redbacks (Spider:2)
  A hell hound (Orc:2)
  2 orc warriors (Orc:2)
  A boggart (D:14)
  An orc wizard (Orc:2)
  2 orcs (Orc:2)
25 creatures vanquished.

Vanquished Creatures (others)
  A merfolk (Shoals:2)
  12 fungi
  97 plants
  13 tentacles
123 creatures vanquished.

Grand Total: 1070 creatures vanquished

Notes
Turn   | Place    | Note
-------+----------+-------------------------------------------
     0 | D:1      | qw the Minotaur Berserker began the quest for the Orb.
     0 | D:1      | Reached XP level 1. HP: 19/19 MP: 0/0
     0 | D:1      | 0 ||| qw: Version: 0.1-a-113-g051387a
     0 | D:1      | 0 ||| qw: Game counter: 7410
     0 | D:1      | 0 ||| qw: Always use a shield: true
     0 | D:1      | 0 ||| qw: Do Orc after D:15 true
     0 | D:1      | 0 ||| qw: Do second Lair branch before Depths: true
     0 | D:1      | 0 ||| qw: Lair rune preference: random
     0 | D:1      | 0 ||| qw: Plans: Normal
     0 | D:1      | 0 ||| PLANNING D:1-11
   151 | D:1      | Reached XP level 2. HP: 23/26 MP: 1/1
   448 | D:1      | 448 ||| DROPPING +0 club.
   786 | D:1      | 786 ||| UPGRADING to +0 scale mail.
   796 | D:1      | 796 ||| DROPPING +0 animal skin.
   797 | D:1      | 797 ||| UPGRADING to amulet of regeneration.
   802 | D:1      | 802 ||| READING scroll labelled APREOS FELE.
   803 | D:1      | 803 ||| READING scroll labelled QAPELA GIHU.
   804 | D:1      | 804 ||| DRINKING 2 fuming red potions.
   805 | D:1      | 805 ||| DRINKING 3 bubbling pink potions.
   806 | D:1      | 806 ||| DROPPING potion of attraction.
   861 | D:2      | Reached ** piety under Trog
   900 | D:2      | Reached XP level 3. HP: 31/31 MP: 2/2
   905 | D:2      | Noticed a scorpion
   916 | D:2      | Killed a scorpion
   917 | D:2      | Reached skill level 6 in Axes
   917 | D:2      | Reached XP level 4. HP: 39/39 MP: 3/3
   968 | D:2      | 968 ||| Stepping ~*~*~tactically~*~*~ (stealth).
   969 | D:2      | 969 ||| Stepping ~*~*~tactically~*~*~ (stealth).
   972 | D:2      | 972 ||| Stepping ~*~*~tactically~*~*~ (stealth).
   973 | D:2      | 973 ||| Stepping ~*~*~tactically~*~*~ (stealth).
  1012 | D:2      | 1012 ||| Stepping ~*~*~tactically~*~*~ (hiding).
  1220 | D:2      | 1220 ||| Stepping ~*~*~tactically~*~*~ (stealth).
  1226 | D:2      | 1226 ||| Stepping ~*~*~tactically~*~*~ (stealth).
  1237 | D:2      | 1237 ||| Stepping ~*~*~tactically~*~*~ (stealth).
  1240 | D:2      | 1240 ||| Stepping ~*~*~tactically~*~*~ (stealth).
  1241 | D:2      | 1241 ||| Stepping ~*~*~tactically~*~*~ (stealth).
  1242 | D:2      | 1242 ||| Stepping ~*~*~tactically~*~*~ (stealth).
  1243 | D:2      | 1243 ||| Stepping ~*~*~tactically~*~*~ (stealth).
  1246 | D:2      | Identified the +0 pair of gloves of the Cockatrice {*Slow
                  | +Inv Slay+2}
  1340 | D:2      | 1340 ||| Stepping ~*~*~tactically~*~*~ (stealth).
  1341 | D:2      | 1341 ||| Stepping ~*~*~tactically~*~*~ (stealth).
  1343 | D:2      | 1343 ||| Stepping ~*~*~tactically~*~*~ (stealth).
  1461 | D:2      | Identified the +6 whip "Ziuf" {freeze, rElec rN+ Dex-5}
  1463 | D:2      | 1463 ||| DROPPING +0 mace.
  1591 | D:2      | 1591 ||| UPGRADING to +0 pair of gloves of the Cockatrice
                  | {*Slow +Inv Slay+2}.
  1596 | D:2      | 1596 ||| READING scroll labelled FAGOENWELLY.
  1600 | D:2      | 1600 ||| READING 2 scrolls labelled ZEM UMASHU.
  1601 | D:2      | 1601 ||| READING scroll labelled ZONYVA UROYNNUD.
  1602 | D:2      | 1602 ||| DROPPING scroll of immolation.
  1735 | D:3      | Noticed Terence
  1736 | D:3      | 1736 ||| Stepping ~*~*~tactically~*~*~ (stealth).
  1741 | D:3      | 1741 ||| INVOKING Berserk.
  1743 | D:3      | Killed Terence
  1744 | D:3      | Reached XP level 5. HP: 45/45 MP: 4/4
  1865 | D:3      | Found a faded altar of an unknown god.
  1928 | D:3      | Found a runed translucent door.
  1929 | D:3      | Noticed Crazy Yiuf
  1968 | D:3      | 1968 ||| INVOKING Berserk.
  1974 | D:3      | Reached skill level 4 in Fighting
  2084 | D:3      | 2084 ||| DROPPING +6 whip "Ziuf" {freeze, rElec rN+ Dex-5}.
  2109 | D:3      | 2109 ||| Stepping ~*~*~tactically~*~*~ (stealth).
  2113 | D:3      | 2113 ||| Stepping ~*~*~tactically~*~*~ (stealth).
  2117 | D:3      | Noticed Robin
  2118 | D:3      | 2118 ||| Stepping ~*~*~tactically~*~*~ (stealth).
  2123 | D:3      | 2123 ||| Stepping ~*~*~tactically~*~*~ (stealth).
  2128 | D:3      | 2128 ||| Stepping ~*~*~tactically~*~*~ (stealth).
  2130 | D:3      | 2130 ||| Stepping ~*~*~tactically~*~*~ (stealth).
  2144 | D:3      | 2144 ||| Stepping ~*~*~tactically~*~*~ (stealth).
  2145 | D:3      | 2145 ||| Stepping ~*~*~tactically~*~*~ (stealth).
  2146 | D:3      | 2146 ||| Stepping ~*~*~tactically~*~*~ (stealth).
  2147 | D:3      | 2147 ||| Stepping ~*~*~tactically~*~*~ (stealth).
  2149 | D:3      | 2149 ||| Stepping ~*~*~tactically~*~*~ (hiding).
  2153 | D:3      | 2153 ||| INVOKING Berserk.
  2155 | D:3      | Killed Robin
  2203 | D:3      | 2203 ||| Stepping ~*~*~tactically~*~*~ (stealth).
  2205 | D:3      | 2205 ||| Stepping ~*~*~tactically~*~*~ (stealth).
  2207 | D:3      | 2207 ||| Stepping ~*~*~tactically~*~*~ (stealth).
  2209 | D:3      | 2209 ||| Stepping ~*~*~tactically~*~*~ (stealth).
  2211 | D:3      | 2211 ||| Stepping ~*~*~tactically~*~*~ (stealth).
  2213 | D:3      | 2213 ||| Stepping ~*~*~tactically~*~*~ (stealth).
  2419 | D:3      | Found an ancient bone altar of Kikubaaqudgha.
  2524 | D:3      | Noticed Grinder
  2525 | D:3      | 2525 ||| INVOKING Trog's Hand.
  2528 | D:3      | 2528 ||| INVOKING Berserk.
  2532 | D:3      | Killed Grinder
  2533 | D:3      | Reached XP level 6. HP: 52/52 MP: 5/5
  2681 | D:3      | 2681 ||| Stepping ~*~*~tactically~*~*~ (stealth).
  2738 | D:3      | 2738 ||| UPGRADING to +0 cloak.
  2743 | D:3      | 2743 ||| READING 2 scrolls labelled TOHAMOSUNI.
  2844 | D:3      | 2844 ||| READING scroll labelled HIONLOI SIST.
  2845 | D:3      | 2845 ||| DRINKING 2 smoky inky potions.
  2846 | D:3      | 2846 ||| DROPPING scroll of silence.
  2847 | D:3      | 2847 ||| DROPPING potion of flight.
  2990 | D:4      | 2990 ||| STAIRDANCE
  2993 | D:3      | Reached skill level 9 in Axes
  3238 | D:4      | Noticed Menkaure
  3243 | D:4      | 3243 ||| INVOKING Berserk.
  3245 | D:4      | Killed Menkaure
  3246 | D:4      | Reached skill level 5 in Fighting
  3246 | D:4      | Reached XP level 7. HP: 60/61 MP: 6/6
  3405 | D:4      | 3405 ||| Stepping ~*~*~tactically~*~*~ (stealth).
  3406 | D:4      | 3406 ||| Stepping ~*~*~tactically~*~*~ (stealth).
  3422 | D:4      | 3422 ||| Stepping ~*~*~tactically~*~*~ (stealth).
  3424 | D:4      | 3424 ||| INVOKING Berserk.
  3425 | D:4      | 3425 ||| INVOKING Berserk.
  3439 | D:4      | Noticed Natasha
  3445 | D:4      | Killed Natasha
  3448 | D:4      | 3448 ||| FLEEEEING.
  3450 | D:4      | 3450 ||| STAIRDANCE
  3650 | D:4      | 3650 ||| FLEEEEING.
  3651 | D:4      | 3651 ||| FLEEEEING.
  3660 | D:4      | 3660 ||| Stepping ~*~*~tactically~*~*~ (stealth).
  3661 | D:4      | 3661 ||| INVOKING Berserk.
  3789 | D:4      | Reached *** piety under Trog
  3827 | D:4      | 3827 ||| Stepping ~*~*~tactically~*~*~ (stealth).
  3828 | D:4      | 3828 ||| Stepping ~*~*~tactically~*~*~ (stealth).
  3882 | D:4      | Identified the +0 pair of gloves of the Doldrums {rElec}
  3891 | D:4      | Found a shimmering altar of Xom.
  3899 | D:4      | 3899 ||| Stepping ~*~*~tactically~*~*~ (stealth).
  3900 | D:4      | 3900 ||| Stepping ~*~*~tactically~*~*~ (stealth).
  3908 | D:4      | 3908 ||| Stepping ~*~*~tactically~*~*~ (stealth).
  3909 | D:4      | 3909 ||| Stepping ~*~*~tactically~*~*~ (stealth).
  3929 | D:4      | 3929 ||| Stepping ~*~*~tactically~*~*~ (stealth).
  3938 | D:4      | Reached skill level 3 in Armour
  3951 | D:4      | Noticed Natasha
  3952 | D:4      | 3952 ||| Stepping ~*~*~tactically~*~*~ (stealth).
  3955 | D:4      | 3955 ||| INVOKING Berserk.
  3957 | D:4      | Killed Natasha
  3983 | D:4      | 3983 ||| Stepping ~*~*~tactically~*~*~ (stealth).
  4147 | D:4      | 4147 ||| Stepping ~*~*~tactically~*~*~ (stealth).
  4305 | D:4      | 4305 ||| UPGRADING to +0 chain mail.
  4315 | D:4      | 4315 ||| DROPPING +0 scale mail.
  4316 | D:4      | 4316 ||| UPGRADING to +0 pair of gloves of the Doldrums
                  | {rElec}.
  4326 | D:4      | 4326 ||| DROPPING +0 pair of gloves of the Cockatrice
                  | {*Slow +Inv Slay+2}.
  4327 | D:4      | 4327 ||| READING scroll labelled CEAMOAGUTY.
  4328 | D:4      | 4328 ||| DRINKING 2 blue potions.
  4345 | D:5      | Entered Level 5 of the Dungeon
  4360 | D:5      | Reached XP level 8. HP: 70/70 MP: 7/7
  4402 | D:5      | 4402 ||| Stepping ~*~*~tactically~*~*~ (hiding).
  4422 | D:5      | Reached skill level 6 in Fighting
  4645 | D:5      | Found a shadowy altar of Dithmenos.
  4668 | D:5      | 4668 ||| INVOKING Berserk.
  4899 | D:5      | 4899 ||| DROPPING +0 flail.
  4972 | D:5      | 4972 ||| UPGRADING to scarf of resistance.
  4994 | D:5      | 4994 ||| UPGRADING to scarf of resistance.
  5061 | D:5      | Found a sacrificial altar of Ru.
  5061 | D:5      | Found a radiant altar of Vehumet.
  5063 | D:5      | Found a burning altar of Makhleb.
  5063 | D:5      | Found a glowing silver altar of Zin.
  5118 | D:5      | 5118 ||| Stepping ~*~*~tactically~*~*~ (hiding).
  5384 | D:5      | Reached skill level 12 in Axes
  5433 | D:5      | Found a bloodstained altar of Trog.
  5528 | D:5      | 5528 ||| UPGRADING to ring of protection from cold.
  5529 | D:5      | 5529 ||| READING scroll labelled CEKHLA ACERGHADY.
  5584 | D:6      | Found a staircase to the Ecumenical Temple.
  5613 | D:6      | Reached skill level 7 in Fighting
  5630 | D:6      | 5630 ||| INVOKING Berserk.
  5746 | D:6      | 5746 ||| Stepping ~*~*~tactically~*~*~ (hiding).
  5759 | D:6      | 5759 ||| INVOKING Berserk.
  5923 | D:6      | 5923 ||| Stepping ~*~*~tactically~*~*~ (stealth).
  5924 | D:6      | Noticed Edmund
  5925 | D:6      | 5925 ||| Stepping ~*~*~tactically~*~*~ (stealth).
  5926 | D:6      | 5926 ||| Stepping ~*~*~tactically~*~*~ (stealth).
  5929 | D:6      | 5929 ||| INVOKING Berserk.
  5933 | D:6      | Killed Edmund
  5934 | D:6      | Reached XP level 9. HP: 74/74 MP: 8/8
  5948 | D:6      | 5948 ||| Stepping ~*~*~tactically~*~*~ (stealth).
  5950 | D:6      | 5950 ||| Stepping ~*~*~tactically~*~*~ (stealth).
  6119 | D:6      | Noticed a troll
  6120 | D:6      | 6120 ||| INVOKING Berserk.
  6129 | D:6      | Killed a troll
  6130 | D:6      | Reached skill level 8 in Fighting
  6285 | D:6      | Noticed a kobold demonologist
  6298 | D:6      | Killed a kobold demonologist
  6339 | D:6      | Noticed a cyclops
  6340 | D:6      | 6340 ||| INVOKING Berserk.
  6344 | D:6      | Killed a cyclops
  6477 | D:6      | Reached skill level 3 in Dodging
  6613 | D:6      | Found a blossoming altar of Fedhas.
  6819 | D:6      | Found a sparkling altar of Nemelex Xobeh.
  6878 | D:6      | Reached skill level 9 in Fighting
  6878 | D:6      | Reached XP level 10. HP: 91/91 MP: 9/9
  7076 | D:6      | 7076 ||| UPGRADING to +1 pair of boots.
  7081 | D:6      | 7081 ||| READING scroll labelled RADAUTRELUI.
  7082 | D:6      | 7082 ||| READING 2 scrolls labelled WEMNIG AQEU.
  7083 | D:6      | 7083 ||| READING scroll labelled FUPPENYATS.
  7084 | D:6      | 7084 ||| DRINKING 3 murky blue potions.
  7110 | D:6      | 7110 ||| DROPPING 2 potions of lignification.
  7111 | D:6      | 7111 ||| DROPPING scroll of amnesia.
  7139 | D:7      | Reached skill level 6 in Armour
  7194 | D:7      | 7194 ||| DRINKING 2 potions of curing.
  7194 | D:7      | 7194 ||| (to cure confusion)
  7210 | D:7      | 7210 ||| INVOKING Berserk.
  7302 | D:7      | Reached **** piety under Trog
  7400 | D:7      | Noticed Maggie
  7419 | D:7      | Killed Maggie
  7426 | D:7      | 7426 ||| SWAPPING to +0 broad axe of draining.
  7427 | D:7      | 7427 ||| DROPPING +0 hand axe of venom.
  7467 | D:7      | 7467 ||| Stepping ~*~*~tactically~*~*~ (stealth).
  7469 | D:7      | 7469 ||| Stepping ~*~*~tactically~*~*~ (stealth).
  7815 | D:7      | 7815 ||| UPGRADING to +0 plate armour.
  7825 | D:7      | 7825 ||| DROPPING +0 chain mail.
  7826 | D:7      | 7826 ||| READING 2 scrolls of identify.
  7826 | D:7      | 7826 ||| IDENTIFYING glowing amethyst potion
  8190 | D:8      | 8190 ||| READING scroll of enchant armour.
  8190 | D:8      | 8190 ||| ENCHANTING +1 pair of boots.
  8249 | D:8      | Noticed Erica
  8249 | D:8      | Paralysed by Erica for 5 turns
  8261 | D:8      | HP: 22/91 [something (3)]
  8266 | D:8      | HP: 5/91 [something/bolt of poison (16)]
  8267 | D:8      | 8267 ||| DRINKING 2 potions of curing.
  8267 | D:8      | 8267 ||| (to cure poison)
  8268 | D:8      | 8268 ||| DRINKING potion of curing.
  8268 | D:8      | 8268 ||| (to cure confusion)
  8270 | D:8      | Killed Erica
  8271 | D:8      | Reached skill level 15 in Axes
  8466 | D:8      | 8466 ||| Stepping ~*~*~tactically~*~*~ (hiding).
  8725 | D:8      | 8725 ||| DROPPING ring of flight.
  8726 | D:8      | 8726 ||| READING scroll labelled ZOMPYZ ZOFFI.
  8727 | D:8      | 8727 ||| READING 3 scrolls labelled DOUCEM XOWNAE.
  8769 | D:8      | 8769 ||| DRINKING 2 brown potions.
  8870 | D:8      | 8870 ||| DROPPING potion of ambrosia.
  8871 | D:8      | 8871 ||| DROPPING 2 scrolls of torment.
  8949 | D:9      | 8949 ||| Stepping ~*~*~tactically~*~*~ (hiding).
  9188 | D:9      | 9188 ||| DROPPING +2 flail of draining.
  9191 | D:9      | 9191 ||| Stepping ~*~*~tactically~*~*~ (stealth).
  9210 | D:9      | Reached ***** piety under Trog
  9275 | D:9      | Reached XP level 11. HP: 83/97 MP: 10/10
  9461 | D:9      | 9461 ||| Stepping ~*~*~tactically~*~*~ (stealth).
  9583 | D:9      | Found a basalt altar of Yredelemnul.
  9608 | D:9      | Reached skill level 10 in Fighting
  9638 | D:9      | Identified the +7 war axe "Rijoff" {flame, rElec Will+ MP-9
                  | Dex+3} (Trog gifted it to you on level 9 of the Dungeon)
  9638 | D:9      | Received a gift from Trog
  9640 | D:9      | 9640 ||| SWAPPING to +7 war axe "Rijoff" {flame, rElec
                  | Will+ MP-9 Dex+3}.
  9641 | D:9      | 9641 ||| DROPPING +4 morningstar.
  9772 | D:9      | 9772 ||| Stepping ~*~*~tactically~*~*~ (stealth).
  9775 | D:9      | 9775 ||| Stepping ~*~*~tactically~*~*~ (stealth).
  9776 | D:9      | 9776 ||| Stepping ~*~*~tactically~*~*~ (stealth).
  9811 | D:9      | 9811 ||| Stepping ~*~*~tactically~*~*~ (stealth).
  9904 | D:9      | Found a hazy altar of Hepliaklqana.
  9969 | D:9      | Found a staircase to the Lair.
 10023 | D:9      | Found a large runed translucent door.
 10024 | D:9      | Found a large runed translucent door.
 10353 | D:9      | 10353 ||| Stepping ~*~*~tactically~*~*~ (stealth).
 10354 | D:9      | 10354 ||| Stepping ~*~*~tactically~*~*~ (stealth).
 10361 | D:9      | Reached skill level 9 in Armour
 10436 | D:9      | 10436 ||| PLANNING LAIR
 10436 | D:9      | 10436 ||| READING scroll labelled JAMUGH DECK.
 10437 | D:9      | 10437 ||| READING 2 scrolls of identify.
 10437 | D:9      | 10437 ||| IDENTIFYING emerald potion
 10438 | D:9      | 10438 ||| DROPPING potion of degeneration.
 10472 | Lair:1   | Entered Level 1 of the Lair of Beasts
 10487 | Lair:1   | 10487 ||| Stepping ~*~*~tactically~*~*~ (hiding).
 10609 | Lair:1   | 10609 ||| INVOKING Berserk.
 10667 | Lair:1   | 10667 ||| Stepping ~*~*~tactically~*~*~ (stealth).
 10671 | Lair:1   | 10671 ||| INVOKING Berserk.
 10804 | Lair:1   | 10804 ||| INVOKING Berserk.
 10807 | Lair:1   | Reached skill level 11 in Fighting
 10917 | Lair:1   | 10917 ||| Stepping ~*~*~tactically~*~*~ (stealth).
 10933 | Lair:1   | 10933 ||| Stepping ~*~*~tactically~*~*~ (stealth).
 10958 | Lair:1   | Identified the +1 helmet of the Trout {rElec rPois rN+
                  | Slay+3}
 10969 | Lair:1   | 10969 ||| Stepping ~*~*~tactically~*~*~ (water).
 10984 | Lair:1   | 10984 ||| INVOKING Berserk.
 11010 | Lair:1   | 11010 ||| Stepping ~*~*~tactically~*~*~ (stealth).
 11012 | Lair:1   | 11012 ||| INVOKING Brothers in Arms.
 11020 | Lair:1   | 11020 ||| Stepping ~*~*~tactically~*~*~ (water).
 11031 | Lair:1   | 11031 ||| Stepping ~*~*~tactically~*~*~ (stealth).
 11205 | Lair:1   | 11205 ||| INVOKING Berserk.
 11504 | Lair:1   | 11504 ||| INVOKING Berserk.
 11853 | Lair:1   | Noticed a five-headed hydra
 11856 | Lair:1   | 11856 ||| INVOKING Berserk.
 11857 | Lair:1   | Killed a four-headed hydra
 11858 | Lair:1   | Reached skill level 12 in Fighting
 12206 | Lair:1   | 12206 ||| READING 2 scrolls labelled REMIF UXTU.
 12207 | Lair:1   | 12207 ||| DROPPING scroll of magic mapping.
 12250 | Lair:2   | 12250 ||| INVOKING Berserk.
 12427 | Lair:2   | 12427 ||| INVOKING Berserk.
 12431 | Lair:2   | Reached XP level 12. HP: 112/112 MP: 2/11
 12540 | Lair:2   | 12540 ||| READING scroll of enchant armour.
 12540 | Lair:2   | 12540 ||| ENCHANTING +0 plate armour.
 12604 | Lair:2   | Found a frozen archway.
 12666 | Lair:2   | 12666 ||| Stepping ~*~*~tactically~*~*~ (stealth).
 12735 | Lair:2   | Reached skill level 6 in Dodging
 12754 | Lair:2   | Noticed a death yak
 12758 | Lair:2   | 12758 ||| INVOKING Berserk.
 12762 | Lair:2   | Killed a death yak
 12771 | Lair:2   | Reached skill level 13 in Fighting
 12947 | Lair:2   | 12947 ||| INVOKING Berserk.
 12953 | Lair:2   | Found a hole to the Spider Nest.
 13206 | Lair:2   | 13206 ||| Stepping ~*~*~tactically~*~*~ (hiding).
 13223 | Lair:2   | Found a staircase to the Shoals.
 13357 | Lair:2   | 13357 ||| FLEEEEING.
 13358 | Lair:2   | 13358 ||| FLEEEEING.
 13368 | Lair:2   | 13368 ||| FLEEEEING.
 13369 | Lair:2   | 13369 ||| FLEEEEING.
 13370 | Lair:2   | 13370 ||| FLEEEEING.
 13371 | Lair:2   | 13371 ||| STAIRDANCE
 13383 | Lair:1   | 13383 ||| DRINKING 3 murky silvery potions.
 13487 | Lair:1   | 13487 ||| DROPPING 2 potions of berserk rage.
 13510 | Lair:2   | 13510 ||| FLEEEEING.
 13511 | Lair:2   | 13511 ||| FLEEEEING.
 13512 | Lair:2   | 13512 ||| FLEEEEING.
 13515 | Lair:2   | 13515 ||| FLEEEEING.
 13516 | Lair:2   | 13516 ||| FLEEEEING.
 13517 | Lair:2   | 13517 ||| FLEEEEING.
 13519 | Lair:2   | 13519 ||| FLEEEEING.
 13520 | Lair:2   | 13520 ||| FLEEEEING.
 13521 | Lair:2   | 13521 ||| FLEEEEING.
 13522 | Lair:2   | 13522 ||| FLEEEEING.
 13523 | Lair:2   | 13523 ||| FLEEEEING.
 13524 | Lair:2   | 13524 ||| FLEEEEING.
 13525 | Lair:2   | 13525 ||| FLEEEEING.
 13526 | Lair:2   | 13526 ||| FLEEEEING.
 13527 | Lair:2   | 13527 ||| FLEEEEING.
 13528 | Lair:2   | 13528 ||| STAIRDANCE
 13645 | Lair:3   | Noticed Josephine
 13657 | Lair:3   | Reached skill level 12 in Armour
 13657 | Lair:3   | Killed Josephine
 13701 | Lair:3   | 13701 ||| Stepping ~*~*~tactically~*~*~ (stealth).
 13702 | Lair:3   | 13702 ||| Stepping ~*~*~tactically~*~*~ (stealth).
 13716 | Lair:3   | Reached skill level 14 in Fighting
 13863 | Lair:3   | 13863 ||| Stepping ~*~*~tactically~*~*~ (stealth).
 13941 | Lair:3   | 13941 ||| INVOKING Berserk.
 14065 | Lair:3   | 14065 ||| INVOKING Berserk.
 14642 | Lair:3   | 14642 ||| UPGRADING to +4 ring of evasion.
 14643 | Lair:3   | 14643 ||| READING 2 scrolls of identify.
 14643 | Lair:3   | 14643 ||| IDENTIFYING sedimented green potion
 14698 | Lair:4   | Noticed a four-headed hydra
 14703 | Lair:4   | 14703 ||| INVOKING Berserk.
 14705 | Lair:4   | Killed a two-headed hydra
 14913 | Lair:4   | Noticed a death yak
 14914 | Lair:4   | 14914 ||| Stepping ~*~*~tactically~*~*~ (stealth).
 14915 | Lair:4   | Noticed a catoblepas
 14916 | Lair:4   | 14916 ||| Stepping ~*~*~tactically~*~*~ (stealth).
 14917 | Lair:4   | 14917 ||| INVOKING Brothers in Arms.
 14923 | Lair:4   | 14923 ||| Stepping ~*~*~tactically~*~*~ (cloud).
 14930 | Lair:4   | 14930 ||| INVOKING Berserk.
 14937 | Lair:4   | Killed a catoblepas
 14938 | Lair:4   | Killed a death yak
 15071 | Lair:4   | Noticed Sonja
 15083 | Lair:4   | 15083 ||| INVOKING Berserk.
 15084 | Lair:4   | HP: 38/175 [Sonja/+1 dagger of distortion (11)]
 15089 | Lair:4   | Killed Sonja
 15090 | Lair:4   | Reached XP level 13. HP: 41/125 MP: 3/12
 15248 | Lair:4   | 15248 ||| Stepping ~*~*~tactically~*~*~ (stealth).
 15368 | Lair:4   | 15368 ||| INVOKING Berserk.
 15372 | Lair:4   | Reached skill level 15 in Fighting
 15718 | Lair:4   | 15718 ||| DROPPING orb of mayhem.
 15743 | Lair:5   | Entered Level 5 of the Lair of Beasts
 15750 | Lair:5   | 15750 ||| STAIRDANCE
 15768 | Lair:5   | 15768 ||| STAIRDANCE
 15787 | Lair:5   | 15787 ||| STAIRDANCE
 15855 | Lair:5   | 15855 ||| STAIRDANCE
 16099 | Lair:5   | Found a staircase to the Slime Pits.
 16224 | Lair:5   | 16224 ||| Stepping ~*~*~tactically~*~*~ (hiding).
 16226 | Lair:5   | 16226 ||| Stepping ~*~*~tactically~*~*~ (hiding).
 16228 | Lair:5   | 16228 ||| INVOKING Brothers in Arms.
 16229 | Lair:5   | 16229 ||| INVOKING Berserk.
 16487 | Lair:5   | 16487 ||| Stepping ~*~*~tactically~*~*~ (stealth).
 16490 | Lair:5   | 16490 ||| INVOKING Berserk.
 16507 | Lair:5   | Reached skill level 16 in Fighting
 16572 | Lair:5   | 16572 ||| INVOKING Berserk.
 16601 | Lair:5   | 16601 ||| Stepping ~*~*~tactically~*~*~ (stealth).
 16602 | Lair:5   | 16602 ||| Stepping ~*~*~tactically~*~*~ (stealth).
 16603 | Lair:5   | 16603 ||| INVOKING Brothers in Arms.
 16604 | Lair:5   | 16604 ||| INVOKING Brothers in Arms.
 16605 | Lair:5   | 16605 ||| INVOKING Brothers in Arms.
 16606 | Lair:5   | 16606 ||| INVOKING Brothers in Arms.
 16750 | Lair:5   | Reached skill level 1 in Throwing
 16831 | Lair:5   | 16831 ||| INVOKING Berserk.
 16848 | Lair:5   | Reached skill level 3 in Throwing
 17168 | Lair:5   | 17168 ||| Stepping ~*~*~tactically~*~*~ (hiding).
 17169 | Lair:5   | 17169 ||| Stepping ~*~*~tactically~*~*~ (hiding).
 17172 | Lair:5   | 17172 ||| INVOKING Trog's Hand.
 17174 | Lair:5   | 17174 ||| INVOKING Brothers in Arms.
 17175 | Lair:5   | 17175 ||| INVOKING Berserk.
 17178 | Lair:5   | Reached skill level 15 in Armour
 17325 | Lair:5   | 17325 ||| PLANNING D:1-11
 17325 | Lair:5   | 17325 ||| DRINKING 3 cyan potions.
 17326 | Lair:5   | 17326 ||| DRINKING 2 smoky coppery potions.
 17327 | Lair:5   | 17327 ||| READING 2 scrolls of identify.
 17327 | Lair:5   | 17327 ||| IDENTIFYING murky sapphire potion
 17328 | Lair:5   | 17328 ||| DROPPING potion of invisibility.
 17478 | D:10     | Entered Level 10 of the Dungeon
 17482 | D:10     | 17482 ||| Stepping ~*~*~tactically~*~*~ (stealth).
 17494 | D:10     | 17494 ||| Stepping ~*~*~tactically~*~*~ (stealth).
 17570 | D:10     | Identified the +7 long sword "Jukkim" {holy, rPois rC+
                  | Int+4}
 17712 | D:10     | 17712 ||| Stepping ~*~*~tactically~*~*~ (stealth).
 17806 | D:10     | Noticed Maurice
 17807 | D:10     | 17807 ||| Stepping ~*~*~tactically~*~*~ (hiding).
 17821 | D:10     | 17821 ||| Stepping ~*~*~tactically~*~*~ (hiding).
 17825 | D:10     | 17825 ||| Stepping ~*~*~tactically~*~*~ (hiding).
 17829 | D:10     | Killed Maurice
 18197 | D:10     | 18197 ||| READING 2 scrolls of identify.
 18197 | D:10     | 18197 ||| IDENTIFYING lumpy golden potion
 18198 | D:10     | 18198 ||| DROPPING potion of magic.
 18242 | D:11     | 18242 ||| Stepping ~*~*~tactically~*~*~ (hiding).
 18490 | D:11     | 18490 ||| Stepping ~*~*~tactically~*~*~ (stealth).
 18491 | D:11     | 18491 ||| Stepping ~*~*~tactically~*~*~ (stealth).
 18511 | D:11     | 18511 ||| Stepping ~*~*~tactically~*~*~ (hiding).
 18795 | D:11     | Reached XP level 14. HP: 114/138 MP: 4/13
 18798 | D:11     | 18798 ||| FLEEEEING.
 18799 | D:11     | 18799 ||| FLEEEEING.
 18800 | D:11     | 18800 ||| FLEEEEING.
 18802 | D:11     | 18802 ||| FLEEEEING.
 18803 | D:11     | 18803 ||| FLEEEEING.
 18804 | D:11     | 18804 ||| FLEEEEING.
 18854 | D:11     | 18854 ||| FLEEEEING.
 18856 | D:11     | 18856 ||| FLEEEEING.
 19086 | D:11     | 19086 ||| Stepping ~*~*~tactically~*~*~ (stealth).
 19090 | D:11     | Reached skill level 17 in Fighting
 19246 | D:11     | 19246 ||| Stepping ~*~*~tactically~*~*~ (hiding).
 19249 | D:11     | 19249 ||| Stepping ~*~*~tactically~*~*~ (hiding).
 19387 | D:11     | 19387 ||| Stepping ~*~*~tactically~*~*~ (stealth).
 19396 | D:11     | Found a staircase to the Orcish Mines.
 19397 | D:11     | 19397 ||| Stepping ~*~*~tactically~*~*~ (stealth).
 19399 | D:11     | 19399 ||| Stepping ~*~*~tactically~*~*~ (stealth).
 19401 | D:11     | 19401 ||| Stepping ~*~*~tactically~*~*~ (stealth).
 19403 | D:11     | 19403 ||| Stepping ~*~*~tactically~*~*~ (stealth).
 19405 | D:11     | 19405 ||| Stepping ~*~*~tactically~*~*~ (stealth).
 19407 | D:11     | 19407 ||| Stepping ~*~*~tactically~*~*~ (stealth).
 19409 | D:11     | 19409 ||| Stepping ~*~*~tactically~*~*~ (stealth).
 19411 | D:11     | 19411 ||| Stepping ~*~*~tactically~*~*~ (stealth).
 19413 | D:11     | 19413 ||| Stepping ~*~*~tactically~*~*~ (stealth).
 19415 | D:11     | 19415 ||| Stepping ~*~*~tactically~*~*~ (stealth).
 19417 | D:11     | 19417 ||| Stepping ~*~*~tactically~*~*~ (stealth).
 19419 | D:11     | 19419 ||| Stepping ~*~*~tactically~*~*~ (stealth).
 19421 | D:11     | 19421 ||| Stepping ~*~*~tactically~*~*~ (stealth).
 19423 | D:11     | 19423 ||| Stepping ~*~*~tactically~*~*~ (stealth).
 19429 | D:11     | 19429 ||| PLANNING D
 19674 | D:12     | 19674 ||| Stepping ~*~*~tactically~*~*~ (stealth).
 19683 | D:12     | 19683 ||| INVOKING Berserk.
 19705 | D:12     | 19705 ||| Stepping ~*~*~tactically~*~*~ (stealth).
 20150 | D:13     | 20150 ||| Stepping ~*~*~tactically~*~*~ (stealth).
 20181 | D:13     | 20181 ||| INVOKING Berserk.
 20246 | D:13     | Reached skill level 9 in Dodging
 20299 | D:13     | 20299 ||| INVOKING Berserk.
 20546 | D:13     | 20546 ||| Stepping ~*~*~tactically~*~*~ (hiding).
 20548 | D:13     | 20548 ||| INVOKING Brothers in Arms.
 20549 | D:13     | 20549 ||| INVOKING Berserk.
 21050 | D:13     | 21050 ||| READING scroll labelled VAAGUKKIXO.
 21080 | D:14     | 21080 ||| INVOKING Brothers in Arms.
 21081 | D:14     | 21081 ||| INVOKING Berserk.
 21205 | D:14     | Noticed Nessos
 21208 | D:14     | 21208 ||| Stepping ~*~*~tactically~*~*~ (hiding).
 21215 | D:14     | 21215 ||| INVOKING Berserk.
 21226 | D:14     | Killed Nessos
 21248 | D:14     | 21248 ||| FLEEEEING.
 21249 | D:14     | 21249 ||| FLEEEEING.
 21379 | D:14     | 21379 ||| INVOKING Berserk.
 21383 | D:14     | Reached skill level 18 in Fighting
 21511 | D:14     | Found a transporter.
 21621 | D:14     | Noticed a sphinx
 21622 | D:14     | Found a shimmering blue altar of Sif Muna.
 21862 | D:14     | Found Mikast's General Store.
 21862 | D:14     | Found Lueda's Distillery.
 21863 | D:14     | Found Nuipet's Antique Armour Emporium.
 21867 | D:14     | 21867 ||| BUYING potion of curing (45 gold).
 21867 | D:14     | Bought a potion of curing for 45 gold pieces
 21867 | D:14     | 21867 ||| BUYING potion of heal wounds (75 gold).
 21867 | D:14     | Bought a potion of heal wounds for 75 gold pieces
 21869 | D:14     | 21869 ||| BUYING potion of curing (48 gold).
 21869 | D:14     | Bought a potion of curing for 48 gold pieces
 21869 | D:14     | 21869 ||| BUYING potion of heal wounds (80 gold).
 21869 | D:14     | Bought a potion of heal wounds for 80 gold pieces
 21869 | D:14     | 21869 ||| BUYING potion of might (64 gold).
 21869 | D:14     | Bought a potion of might for 64 gold pieces
 21869 | D:14     | 21869 ||| BUYING potion of might (64 gold).
 21869 | D:14     | Bought a potion of might for 64 gold pieces
 21871 | D:14     | 21871 ||| BUYING buckler (99 gold).
 21871 | D:14     | Bought a buckler for 99 gold pieces
 21871 | D:14     | 21871 ||| SHOPLISTING shiny crystal plate armour (1826
                  | gold, have 671).
 21911 | D:14     | 21911 ||| Stepping ~*~*~tactically~*~*~ (hiding).
 21932 | D:14     | 21932 ||| Stepping randomly (disturbance).
 21938 | D:14     | Found a gate to the Vaults.
 21973 | D:14     | 21973 ||| INVOKING Berserk.
 22079 | D:14     | 22079 ||| INVOKING Berserk.
 22244 | D:14     | 22244 ||| UPGRADING to +0 buckler.
 22300 | D:15     | Entered Level 15 of the Dungeon
 22343 | D:15     | 22343 ||| INVOKING Trog's Hand.
 22351 | D:15     | Reached skill level 1 in Shields
 22364 | D:15     | 22364 ||| Stepping ~*~*~tactically~*~*~ (hiding).
 22365 | D:15     | 22365 ||| Stepping ~*~*~tactically~*~*~ (hiding).
 22446 | D:15     | Reached skill level 3 in Shields
 22476 | D:15     | Found an iron altar of Okawaru.
 22629 | D:15     | 22629 ||| Stepping ~*~*~tactically~*~*~ (stealth).
 22631 | D:15     | 22631 ||| Stepping ~*~*~tactically~*~*~ (stealth).
 22636 | D:15     | 22636 ||| Stepping ~*~*~tactically~*~*~ (stealth).
 22717 | D:15     | 22717 ||| Stepping ~*~*~tactically~*~*~ (hiding).
 22848 | D:15     | 22848 ||| FLEEEEING.
 22849 | D:15     | 22849 ||| FLEEEEING.
 22850 | D:15     | 22850 ||| FLEEEEING.
 22851 | D:15     | 22851 ||| FLEEEEING.
 22909 | D:15     | Reached skill level 6 in Shields
 23206 | D:15     | 23206 ||| Stepping ~*~*~tactically~*~*~ (hiding).
 23207 | D:15     | 23207 ||| INVOKING Trog's Hand.
 23209 | D:15     | 23209 ||| INVOKING Berserk.
 23234 | D:15     | 23234 ||| Stepping ~*~*~tactically~*~*~ (stealth).
 23236 | D:15     | 23236 ||| Stepping ~*~*~tactically~*~*~ (stealth).
 23238 | D:15     | 23238 ||| Stepping ~*~*~tactically~*~*~ (stealth).
 23330 | D:15     | Found a staircase to the Depths.
 23334 | D:15     | 23334 ||| PLANNING ORC
 23497 | Orc:1    | Entered Level 1 of the Orcish Mines
 23504 | Orc:1    | 23504 ||| Stepping ~*~*~tactically~*~*~ (stealth).
 23506 | Orc:1    | 23506 ||| Stepping ~*~*~tactically~*~*~ (hiding).
 23508 | Orc:1    | 23508 ||| Stepping ~*~*~tactically~*~*~ (hiding).
 23717 | Orc:2    | Entered Level 2 of the Orcish Mines
 23717 | Orc:2    | Found a staircase to the Elven Halls.
 23720 | Orc:2    | 23720 ||| INVOKING Berserk.
 23729 | Orc:2    | 23729 ||| FLEEEEING.
 23730 | Orc:2    | 23730 ||| FLEEEEING.
 23731 | Orc:2    | 23731 ||| STAIRDANCE
 23835 | Orc:2    | 23835 ||| STAIRDANCE
 23929 | Orc:2    | 23929 ||| Stepping ~*~*~tactically~*~*~ (hiding).
 23940 | Orc:2    | 23940 ||| INVOKING Berserk.
 23949 | Orc:2    | Reached XP level 15. HP: 149/149 MP: 5/14
 24163 | Orc:2    | 24163 ||| Stepping ~*~*~tactically~*~*~ (hiding).
 24165 | Orc:2    | 24165 ||| Stepping ~*~*~tactically~*~*~ (hiding).
 24166 | Orc:2    | 24166 ||| INVOKING Trog's Hand.
 24167 | Orc:2    | 24167 ||| INVOKING Berserk.
 24205 | Orc:2    | 24205 ||| Stepping ~*~*~tactically~*~*~ (stealth).
 24209 | Orc:2    | 24209 ||| Stepping ~*~*~tactically~*~*~ (hiding).
 24214 | Orc:2    | 24214 ||| FLEEEEING.
 24215 | Orc:2    | 24215 ||| FLEEEEING.
 24216 | Orc:2    | 24216 ||| FLEEEEING.
 24217 | Orc:2    | 24217 ||| FLEEEEING.
 24218 | Orc:2    | 24218 ||| FLEEEEING.
 24232 | Orc:2    | 24232 ||| INVOKING Trog's Hand.
 24235 | Orc:2    | 24235 ||| INVOKING Berserk.
 24251 | Orc:2    | Noticed Azrael
 24252 | Orc:2    | 24252 ||| INVOKING Brothers in Arms.
 24254 | Orc:2    | 24254 ||| INVOKING Brothers in Arms.
 24260 | Orc:2    | Killed Azrael
 24261 | Orc:2    | Reached skill level 9 in Shields
 24269 | Orc:2    | Received a gift from Trog
 24273 | Orc:2    | Found Noatyski's Antique Weapon Shop.
 24273 | Orc:2    | Found Beisytta's Antique Armour Shoppe.
 24278 | Orc:2    | 24278 ||| INVOKING Trog's Hand.
 24282 | Orc:2    | 24282 ||| INVOKING Berserk.
 24404 | Orc:2    | 24404 ||| DROPPING +0 broad axe of draining.
 24427 | Orc:2    | 24427 ||| BUYING embroidered cloak (187 gold).
 24427 | Orc:2    | Bought an embroidered cloak for 187 gold pieces
 24466 | Orc:2    | 24466 ||| Stepping ~*~*~tactically~*~*~ (stealth).
 24472 | Orc:2    | 24472 ||| Stepping ~*~*~tactically~*~*~ (stealth).
 24473 | Orc:2    | 24473 ||| Stepping ~*~*~tactically~*~*~ (stealth).
 24475 | Orc:2    | 24475 ||| Stepping ~*~*~tactically~*~*~ (stealth).
 24476 | Orc:2    | 24476 ||| Stepping ~*~*~tactically~*~*~ (stealth).
 24485 | Orc:2    | 24485 ||| Stepping ~*~*~tactically~*~*~ (stealth).
 24489 | Orc:2    | 24489 ||| Stepping ~*~*~tactically~*~*~ (hiding).
 24496 | Orc:2    | 24496 ||| Stepping ~*~*~tactically~*~*~ (stealth).
 24504 | Orc:2    | 24504 ||| Stepping ~*~*~tactically~*~*~ (hiding).
 24517 | Orc:2    | 24517 ||| INVOKING Trog's Hand.
 24518 | Orc:2    | 24518 ||| INVOKING Berserk.
 24539 | Orc:2    | 24539 ||| Stepping ~*~*~tactically~*~*~ (stealth).
 24645 | Orc:2    | Found Xud Wubi's Assorted Antiques.
 24645 | Orc:2    | Found Cadd's Assorted Antiques.
 24652 | Orc:2    | 24652 ||| BUYING 3 scrolls of enchant armour (742 gold).
 24652 | Orc:2    | Bought 3 scrolls of enchant armour for 742 gold pieces
 24652 | Orc:2    | 24652 ||| BUYING potion of curing (99 gold).
 24652 | Orc:2    | Bought a potion of curing for 99 gold pieces
 24652 | Orc:2    | 24652 ||| SHOPLISTING scroll of enchant weapon (247 gold,
                  | have 184).
 24652 | Orc:2    | 24652 ||| READING 3 scrolls of enchant armour.
 24652 | Orc:2    | 24652 ||| ENCHANTING +1 plate armour.
 24653 | Orc:2    | 24653 ||| READING 2 scrolls of enchant armour.
 24653 | Orc:2    | 24653 ||| ENCHANTING +2 plate armour.
 24654 | Orc:2    | 24654 ||| READING scroll of enchant armour.
 24654 | Orc:2    | 24654 ||| ENCHANTING +3 plate armour.
 24664 | Orc:2    | 24664 ||| SHOPLISTING pair of heavily runed boots (332
                  | gold, have 184).
 24664 | Orc:2    | 24664 ||| SHOPLISTING pair of runed gloves (262 gold, have
                  | 184).
 24664 | Orc:2    | 24664 ||| BUYING scroll of identify (70 gold).
 24664 | Orc:2    | Bought a scroll of identify for 70 gold pieces
 24664 | Orc:2    | 24664 ||| BUYING scroll of identify (70 gold).
 24664 | Orc:2    | Bought a scroll of identify for 70 gold pieces
 24669 | Orc:2    | 24669 ||| Stepping ~*~*~tactically~*~*~ (hiding).
 24762 | Orc:2    | 24762 ||| INVOKING Trog's Hand.
 24767 | Orc:2    | 24767 ||| INVOKING Berserk.
 25159 | Orc:2    | 25159 ||| DROPPING +0 cloak.
 25306 | Orc:1    | 25306 ||| Stepping ~*~*~tactically~*~*~ (stealth).
 25315 | Orc:1    | 25315 ||| Stepping ~*~*~tactically~*~*~ (stealth).
 25462 | Orc:1    | 25462 ||| Stepping ~*~*~tactically~*~*~ (hiding).
 25475 | Orc:1    | 25475 ||| Stepping ~*~*~tactically~*~*~ (stealth).
 25478 | Orc:1    | 25478 ||| Stepping ~*~*~tactically~*~*~ (hiding).
 25614 | Orc:1    | 25614 ||| PLANNING SHOALS:1-3
 25829 | Shoals:1 | Entered Level 1 of the Shoals
 25956 | Shoals:1 | Found Nisigexuc's Antique Weapon Shoppe.
 26047 | Shoals:1 | Noticed a kraken
 26059 | Shoals:1 | 26059 ||| INVOKING Berserk.
 26062 | Shoals:1 | Killed a kraken
 26227 | Shoals:1 | 26227 ||| INVOKING Berserk.
 26306 | Shoals:1 | Found Ceahyn's Armour Boutique.
 26313 | Shoals:1 | 26313 ||| INVOKING Berserk.
 26456 | Shoals:1 | 26456 ||| INVOKING Berserk.
 26615 | Shoals:1 | Found Xumik's Book Boutique.
 26685 | Shoals:1 | Found Alokel Midd's Weapon Shoppe.
 26894 | Shoals:2 | 26894 ||| DRINKING 13 potions of curing.
 26894 | Shoals:2 | 26894 ||| (to cure bad poison)
 26900 | Shoals:2 | 26900 ||| STAIRDANCE
 26976 | Shoals:2 | 26976 ||| Stepping ~*~*~tactically~*~*~ (stealth).
 27077 | Shoals:2 | 27077 ||| FLEEEEING.
 27078 | Shoals:2 | 27078 ||| FLEEEEING.
 27079 | Shoals:2 | 27079 ||| FLEEEEING.
 27080 | Shoals:2 | 27080 ||| FLEEEEING.
 27081 | Shoals:2 | 27081 ||| FLEEEEING.
 27082 | Shoals:2 | 27082 ||| FLEEEEING.
 27083 | Shoals:2 | 27083 ||| FLEEEEING.
 27093 | Shoals:2 | Reached skill level 19 in Fighting
 27121 | Shoals:2 | 27121 ||| FLEEEEING.
 27122 | Shoals:2 | 27122 ||| FLEEEEING.
 27123 | Shoals:2 | 27123 ||| FLEEEEING.
 27124 | Shoals:2 | 27124 ||| FLEEEEING.
 27125 | Shoals:2 | 27125 ||| FLEEEEING.
 27126 | Shoals:2 | 27126 ||| FLEEEEING.
 27157 | Shoals:2 | 27157 ||| INVOKING Berserk.
 27166 | Shoals:2 | Received a gift from Trog
 27177 | Shoals:2 | 27177 ||| INVOKING Trog's Hand.
 27178 | Shoals:2 | 27178 ||| INVOKING Brothers in Arms.
 27178 | Shoals:2 | HP: 38/152 [merfolk impaler/+1 trident of chaos (4)]
 27179 | Shoals:2 | 27179 ||| READING 8 scrolls of teleportation.
 27180 | Shoals:2 | 27180 ||| DRINKING 7 potions of heal wounds.
 27182 | Shoals:2 | 27182 ||| DRINKING 6 potions of heal wounds.
 27184 | Shoals:2 | 27184 ||| INVOKING Brothers in Arms.
 27214 | Shoals:2 | 27214 ||| INVOKING Berserk.
 27253 | Shoals:2 | 27253 ||| Stepping ~*~*~tactically~*~*~ (stealth).
 27275 | Shoals:2 | 27275 ||| INVOKING Trog's Hand.
 27288 | Shoals:2 | 27288 ||| INVOKING Trog's Hand.
 27291 | Shoals:2 | HP: 32/152 [satyr/arrow (16)]
 27292 | Shoals:2 | 27292 ||| READING 7 scrolls of teleportation.
 27293 | Shoals:2 | 27293 ||| DRINKING 5 potions of heal wounds.
 27295 | Shoals:2 | 27295 ||| FLEEEEING.
 27299 | Shoals:2 | 27299 ||| INVOKING Berserk.
 27447 | Shoals:2 | 27447 ||| DROPPING +3 vorpal broad axe.
 27477 | Shoals:2 | 27477 ||| INVOKING Trog's Hand.
 27478 | Shoals:2 | 27478 ||| INVOKING Berserk.
 27495 | Shoals:2 | 27495 ||| FLEEEEING.
 27496 | Shoals:2 | 27496 ||| FLEEEEING.
 27659 | Shoals:2 | 27659 ||| SWAPPING to +5 broad axe.
 27660 | Shoals:2 | 27660 ||| READING scroll of enchant weapon.
 27660 | Shoals:2 | 27660 ||| ENCHANTING +5 broad axe.
 27661 | Shoals:2 | 27661 ||| READING scroll of brand weapon.
 27661 | Shoals:2 | 27661 ||| BRANDING +6 broad axe.
 27760 | Shoals:2 | 27760 ||| Stepping ~*~*~tactically~*~*~ (hiding).
 27763 | Shoals:2 | 27763 ||| FLEEEEING.
 27764 | Shoals:2 | 27764 ||| FLEEEEING.
 27765 | Shoals:2 | 27765 ||| FLEEEEING.
 27766 | Shoals:2 | 27766 ||| INVOKING Trog's Hand.
 27767 | Shoals:2 | 27767 ||| FLEEEEING.
 27769 | Shoals:2 | 27769 ||| FLEEEEING.
 27771 | Shoals:2 | 27771 ||| FLEEEEING.
 27772 | Shoals:2 | 27772 ||| FLEEEEING.
 27773 | Shoals:2 | 27773 ||| FLEEEEING.
 27774 | Shoals:2 | 27774 ||| FLEEEEING.
 27778 | Shoals:2 | 27778 ||| FLEEEEING.
 27779 | Shoals:2 | 27779 ||| FLEEEEING.
 27780 | Shoals:2 | 27780 ||| FLEEEEING.
 27783 | Shoals:2 | 27783 ||| FLEEEEING.
 27844 | Shoals:2 | 27844 ||| READING scroll of enchant weapon.
 27844 | Shoals:2 | 27844 ||| ENCHANTING +6 broad axe of draining.
 27878 | Shoals:2 | 27878 ||| INVOKING Berserk.
 27894 | Shoals:2 | 27894 ||| FLEEEEING.
 27895 | Shoals:2 | 27895 ||| FLEEEEING.
 27896 | Shoals:2 | 27896 ||| FLEEEEING.
 28011 | Shoals:2 | 28011 ||| FLEEEEING.
 28012 | Shoals:2 | 28012 ||| FLEEEEING.
 28013 | Shoals:2 | 28013 ||| FLEEEEING.
 28014 | Shoals:2 | 28014 ||| INVOKING Berserk.
 28296 | Shoals:2 | Noticed a kraken
 28304 | Shoals:2 | Killed a kraken
 28312 | Shoals:2 | 28312 ||| INVOKING Trog's Hand.
 28313 | Shoals:2 | 28313 ||| UPGRADING to +0 kite shield.
 28331 | Shoals:2 | 28331 ||| DROPPING +0 buckler.
 28352 | Shoals:3 | 28352 ||| STAIRDANCE
 28400 | Shoals:3 | 28400 ||| Stepping ~*~*~tactically~*~*~ (hiding).
 28401 | Shoals:3 | 28401 ||| Stepping ~*~*~tactically~*~*~ (hiding).
 28405 | Shoals:3 | 28405 ||| INVOKING Trog's Hand.
 28418 | Shoals:3 | Reached XP level 16. HP: 131/160 MP: 15/15
 28489 | Shoals:3 | 28489 ||| READING scroll of enchant weapon.
 28489 | Shoals:3 | 28489 ||| ENCHANTING +7 broad axe of draining.
 28523 | Shoals:3 | Reached skill level 18 in Axes
 28527 | Shoals:3 | 28527 ||| INVOKING Trog's Hand.
 28534 | Shoals:3 | Reached skill level 12 in Shields
 28549 | Shoals:3 | HP: 29/160 [satyr/arrow (21)]
 28550 | Shoals:3 | 28550 ||| READING 6 scrolls of teleportation.
 28551 | Shoals:3 | 28551 ||| DRINKING 4 potions of heal wounds.
 28557 | Shoals:3 | Noticed a kraken
 28561 | Shoals:3 | 28561 ||| Stepping ~*~*~tactically~*~*~ (water).
 28562 | Shoals:3 | 28562 ||| INVOKING Berserk.
 28570 | Shoals:3 | HP: 42/240 [kraken (33)]
 28574 | Shoals:3 | Killed a kraken
 28709 | Shoals:3 | Identified the +1 robe "Kaeng" {Dex+2}
 28763 | Shoals:3 | 28763 ||| READING scroll of brand weapon.
 28763 | Shoals:3 | 28763 ||| BRANDING +8 broad axe of draining.
 28770 | Shoals:3 | 28770 ||| Stepping ~*~*~tactically~*~*~ (stealth).
 28783 | Shoals:3 | 28783 ||| INVOKING Trog's Hand.
 28788 | Shoals:3 | 28788 ||| INVOKING Berserk.
 28935 | Shoals:3 | 28935 ||| Stepping ~*~*~tactically~*~*~ (hiding).
 29081 | Shoals:3 | 29081 ||| INVOKING Trog's Hand.
 29110 | Shoals:3 | 29110 ||| INVOKING Trog's Hand.
 29332 | Shoals:3 | 29332 ||| PLANNING SPIDER:1-3
 29466 | Spider:1 | Entered Level 1 of the Spider Nest
 29535 | Spider:1 | Identified Roxanne's Compendium of Shaping
 29535 | Spider:1 | Noticed Roxanne
 29541 | Spider:1 | 29541 ||| INVOKING Berserk.
 29552 | Spider:1 | Killed Roxanne
 29665 | Spider:1 | 29665 ||| READING scroll of enchant armour.
 29665 | Spider:1 | 29665 ||| ENCHANTING +4 plate armour.
 29741 | Spider:1 | 29741 ||| Stepping ~*~*~tactically~*~*~ (stealth).
 29769 | Spider:1 | 29769 ||| Stepping ~*~*~tactically~*~*~ (stealth).
 29790 | Spider:1 | 29790 ||| Stepping ~*~*~tactically~*~*~ (stealth).
 29791 | Spider:1 | 29791 ||| Stepping ~*~*~tactically~*~*~ (stealth).
 29864 | Spider:1 | 29864 ||| Stepping ~*~*~tactically~*~*~ (hiding).
 29868 | Spider:1 | 29868 ||| INVOKING Brothers in Arms.
 29869 | Spider:1 | 29869 ||| INVOKING Brothers in Arms.
 29870 | Spider:1 | 29870 ||| INVOKING Brothers in Arms.
 29899 | Spider:1 | Noticed Mlioglotl
 29901 | Spider:1 | 29901 ||| INVOKING Berserk.
 29907 | Spider:1 | Killed Mlioglotl
 30207 | Spider:1 | 30207 ||| INVOKING Berserk.
 30342 | Spider:1 | Identified the +5 robe of the Vaults {Dex+4}
 30431 | Spider:1 | 30431 ||| DROPPING -2 hat.
 30432 | Spider:1 | 30432 ||| DRINKING 2 purple potions.
 30433 | Spider:1 | 30433 ||| DROPPING potion of brilliance.
 30465 | Spider:2 | 30465 ||| STAIRDANCE
 30469 | Spider:2 | 30469 ||| STAIRDANCE
 30471 | Spider:1 | 30471 ||| INVOKING Berserk.
 30476 | Spider:1 | Reached skill level 15 in Shields
 30598 | Spider:2 | 30598 ||| STAIRDANCE
 30607 | Spider:2 | 30607 ||| STAIRDANCE
 30609 | Spider:1 | 30609 ||| INVOKING Berserk.
 30719 | Spider:2 | 30719 ||| STAIRDANCE
 30725 | Spider:2 | 30725 ||| STAIRDANCE
 30733 | Spider:2 | 30733 ||| STAIRDANCE
 30754 | Spider:2 | 30754 ||| STAIRDANCE
 30762 | Spider:2 | 30762 ||| STAIRDANCE
 30780 | Spider:2 | 30780 ||| INVOKING Brothers in Arms.
 30793 | Spider:2 | Identified the +1 ring mail "Ibbaniy" {rF- rC+ Str+2 Int+4}
 30850 | Spider:2 | 30850 ||| Stepping ~*~*~tactically~*~*~ (hiding).
 30853 | Spider:2 | 30853 ||| Stepping ~*~*~tactically~*~*~ (hiding).
 30855 | Spider:2 | 30855 ||| INVOKING Brothers in Arms.
 30856 | Spider:2 | 30856 ||| INVOKING Brothers in Arms.
 30857 | Spider:2 | 30857 ||| INVOKING Brothers in Arms.
 30918 | Spider:2 | 30918 ||| Stepping ~*~*~tactically~*~*~ (stealth).
 30921 | Spider:2 | 30921 ||| INVOKING Brothers in Arms.
 30939 | Spider:2 | 30939 ||| INVOKING Berserk.
 31123 | Spider:2 | 31123 ||| Stepping ~*~*~tactically~*~*~ (stealth).
 31179 | Spider:2 | 31179 ||| READING scroll of enchant armour.
 31179 | Spider:2 | 31179 ||| ENCHANTING +5 plate armour.
 31327 | Spider:2 | 31327 ||| DROPPING +1 pair of boots.
 31328 | Spider:2 | 31328 ||| READING 13 scrolls of identify.
 31328 | Spider:2 | 31328 ||| IDENTIFYING pink potion
 31458 | Spider:3 | 31458 ||| Stepping ~*~*~tactically~*~*~ (stealth).
 31460 | Spider:3 | 31460 ||| Stepping ~*~*~tactically~*~*~ (stealth).
 31472 | Spider:3 | 31472 ||| DRINKING 12 potions of curing.
 31472 | Spider:3 | 31472 ||| (to cure confusion)
 31536 | Spider:3 | 31536 ||| INVOKING Brothers in Arms.
 31554 | Spider:3 | 31554 ||| INVOKING Berserk.
 31680 | Spider:3 | 31680 ||| INVOKING Brothers in Arms.
 31681 | Spider:3 | 31681 ||| INVOKING Brothers in Arms.
 31682 | Spider:3 | 31682 ||| INVOKING Brothers in Arms.
 31683 | Spider:3 | 31683 ||| INVOKING Brothers in Arms.
 31707 | Spider:3 | 31707 ||| INVOKING Berserk.
 31712 | Spider:3 | 31712 ||| DRINKING 11 potions of curing.
 31712 | Spider:3 | 31712 ||| (to cure confusion)
 31726 | Spider:3 | Gained mutation: Your body sometimes deteriorates upon
                  | taking damage. [mutagenic glow]
 31750 | Spider:3 | Identified the +4 flail of Muffor {elec, rN+}
 31806 | Spider:3 | 31806 ||| INVOKING Brothers in Arms.
 31807 | Spider:3 | 31807 ||| INVOKING Brothers in Arms.
 31876 | Spider:3 | 31876 ||| Stepping ~*~*~tactically~*~*~ (hiding).
 31903 | Spider:3 | 31903 ||| INVOKING Berserk.
 31914 | Spider:3 | 31914 ||| FLEEEEING.
 31915 | Spider:3 | 31915 ||| FLEEEEING.
 31916 | Spider:3 | 31916 ||| FLEEEEING.
 31917 | Spider:3 | 31917 ||| FLEEEEING.
 31918 | Spider:3 | 31918 ||| FLEEEEING.
 31919 | Spider:3 | 31919 ||| FLEEEEING.
 31920 | Spider:3 | 31920 ||| FLEEEEING.
 32091 | Spider:3 | Reached XP level 17. HP: 168/168 MP: 16/16
 32268 | Spider:3 | 32268 ||| INVOKING Brothers in Arms.
 32269 | Spider:3 | 32269 ||| INVOKING Brothers in Arms.
 32270 | Spider:3 | 32270 ||| INVOKING Brothers in Arms.
 32271 | Spider:3 | 32271 ||| INVOKING Brothers in Arms.
 32272 | Spider:3 | 32272 ||| INVOKING Brothers in Arms.
 32273 | Spider:3 | 32273 ||| INVOKING Brothers in Arms.
 32274 | Spider:3 | 32274 ||| INVOKING Berserk.
 32284 | Spider:3 | Reached skill level 18 in Armour
 32721 | Spider:3 | 32721 ||| Stepping ~*~*~tactically~*~*~ (stealth).
 33035 | Spider:3 | 33035 ||| PLANNING SHOALS:4
 33236 | Shoals:4 | Entered Level 4 of the Shoals
 33238 | Shoals:4 | 33238 ||| STAIRDANCE
 33271 | Shoals:4 | 33271 ||| Stepping ~*~*~tactically~*~*~ (hiding).
 33360 | Shoals:4 | 33360 ||| INVOKING Berserk.
 33380 | Shoals:4 | 33380 ||| Stepping ~*~*~tactically~*~*~ (stealth).
 33397 | Shoals:4 | 33397 ||| INVOKING Trog's Hand.
 33403 | Shoals:4 | HP: 37/169 [drowned by a water elemental (11)]
 33403 | Shoals:4 | HP: 13/169 [merfolk/+0 trident (9)]
 33404 | Shoals:4 | 33404 ||| DRINKING 3 potions of heal wounds.
 33405 | Shoals:4 | 33405 ||| DRINKING 2 potions of heal wounds.
 33406 | Shoals:4 | 33406 ||| DRINKING potion of heal wounds.
 33408 | Shoals:4 | HP: 34/169 [drowned by a water elemental (7)]
 33411 | Shoals:4 | HP: 11/169 [drowned by a water elemental (8)]
 33411 | Shoals:4 | Killed from afar by a merfolk aquamancer

Levels and vault maps discovered:
D:1:      heliophobic_arrival_enchanted_forest, layout_basic, st_stairs_8
D:2:      layout_loops_cross
D:3:      layout_basic, marbit_many_paths, nicolae_ecumenical_oubliette,
          minmay_misc_feat_rows, uniq_robin, uniq_terence,
          uniq_crazy_yiuf_cottage, uniq_grinder
D:4:      layout_loops_ring, xom_butterflies, uniq_menkaure, uniq_natasha
D:5:      layout_loops_ring, nicolae_dithmenos_shadow_blocks,
          kennysheep_mini_moat, mainiacjoe_overflow_alcove_3,
          kennysheep_cross_bottleneck
D:6:      layout_loops_corners, fedhas_altar_4,
          nemelex_xobeh_ov_fountains_minmay, minmay_temple_entry_slanted,
          kb_rosetta, uniq_edmund
D:7:      layout_loops_ring, uniq_maggie
D:8:      layout_basic, uniq_erica
D:9:      layout_layer_cave, lemuel_mausoleum_altar_yredelemnul,
          nicolae_hepliaklqana_hippocampus, jmf_multi_god_temple2,
          dpeg_oklobed_lair
D:10:     layout_irregular_city, uniq_maurice
D:11:     layout_loops_ring, david_orc_4, hangedman_decor_opposing
D:12:     layout_roguey
D:13:     layout_loops_corners
D:14:     gammafunk_sealed_library, layout_irregular_city, david_vaults_2,
          minmay_misc_feat_ornament, nicolae_wooded_promenade,
          due_unseen_surprise, uniq_nessos
D:15:     grunt_enter_depths_magical_seal, layout_irregular_city,
          okawaru_trees_2
Lair:1:   lemuel_reptile_caves, layout_cave_pods
Lair:2:   layout_cave_shapes, minmay_shoals_entry_lonely_mermaid,
          hellmonk_spider_entry_not_the_bees, portal_ice_cave_entry_imps,
          minmay_lindwurm_lava, lemuel_fruit_fields
Lair:3:   wander_river, layout_chaotic_city, lemuel_old_faithful, uniq_josephine
Lair:4:   layout_gridlike, nicolae_lair_yak_garden, uniq_sonja
Lair:5:   gammafunk_lair_ancient_temple, layout_gridlike,
          minmay_slime_entry_jelly_boxes, chequers_serial_rivers_marsh
Shoals:1: layout_shoals, serial_shops, shop, nicolae_shop_window_shopping, shop,
          nicolae_shop_behind_doors, nicolae_shoals_sun_and_surf
Shoals:2: dreamdust_from_the_deep, layout_shoals, nicolae_shoals_goliath_grotto
Shoals:3: layout_shoals
Shoals:4: shoals_end_hellmonk_storm_palace [storm_palace_center_square,
          storm_palace_corner_narrow, storm_palace_corner_grid,
          storm_palace_corner_blocked, storm_palace_corner_reverse_hut]
Spider:1: layout_cave_pods, hellmonk_motheaten_closet, uniq_mlioglotl,
          uniq_roxanne
Spider:2: layout_spider_delve
Spider:3: layout_chambers, hellmonk_narrow_tunnel,
          hangedman_spider_tarantella_strand
Orc:1:    layout_caves, nicolae_orc_lost_temple
Orc:2:    st_orc_town, layout_caves, uniq_azrael

Skill      XL: |  1  2  3  4  5  6  7  8  9 10 11 12 13 14 15 16 17 |
---------------+----------------------------------------------------+-----
Axes           | 4 5 6 7 8 9 10 12 14 16 17 18 | 18.0
Fighting       | 4 5 7 9 12 14 16 18 19 | 19.7
Armour         | 4 5 8 10 13 15 16 17 18 | 18.0
Dodging        | 3 5 7 8 9 10 | 10.0
Throwing       | 3 4 |  4.1
Shields        | 8 11 17 | 17.0

Action                   |  1- 3 |  4- 6 |  7- 9 | 10-12 | 13-15 | 16-18 || total
-------------------------+-------+-------+-------+-------+-------+-------++-------
Melee: Hand axe          |    37 |   101 |   249 |    84 |       |       ||   471
       Headbutt          |     5 |    12 |    55 |   113 |   195 |   126 ||   506
       Punch             |       |       |     7 |     8 |     6 |       ||    21
       Broad axe         |       |       |       |   168 |    60 |   516 ||   744
       War axe           |       |       |       |   277 |   829 |       ||  1106
Throw: Boomerang         |    46 |    42 |     1 |       |   152 |    69 ||   310
Invok: Berserk           |       |     5 |     9 |    17 |    33 |    13 ||    77
       Trog's Hand       |       |     1 |       |       |    15 |     5 ||    21
       Brothers in Arms  |       |       |       |     2 |     9 |     8 ||    19
  Use: Scroll            |     2 |     5 |     2 |    12 |    11 |     6 ||    38
       Potion            |     2 |     1 |     1 |     6 |     6 |     7 ||    23
 Stab: Petrifying        |       |       |       |     3 |       |       ||     3
       Petrified         |       |       |       |     2 |       |       ||     2
       Invisible         |       |       |       |       |     2 |       ||     2
       Distracted        |       |       |       |       |       |     1 ||     1
       Held in net/web   |       |       |       |       |       |     1 ||     1
Armor: Animal skin       |    10 |       |       |       |       |       ||    10
       Scale mail        |     7 |    36 |    24 |       |       |       ||    67
       Chain mail        |       |       |    54 |    22 |       |       ||    76
       Plate armour      |       |       |       |   209 |   377 |   282 ||   868
Dodge: Dodged            |    29 |    23 |    74 |   149 |   479 |   320 ||  1074
Block: Buckler           |       |       |       |       |   145 |       ||   145
       Kite shield       |       |       |       |       |    14 |   348 ||   362

Table legend:
 A = Non-vault XP
 B = Vault XP
 C = Vault XP percentage of total XP
 D = Non-vault monster count
 E = Vault monster count
 F = Vault count percentage of total count
                 A         B        C        D         E       F
            +---------+---------+-------+---------+---------+-------
      Total |  173928 |   57777 |  24.9 |     693 |     245 |  26.1
            +---------+---------+-------+---------+---------+-------
        D:1 |      32 |       0 |   0.0 |      20 |       0 |   0.0
        D:2 |     132 |       0 |   0.0 |      24 |       0 |   0.0
        D:3 |     117 |     340 |  74.4 |      22 |      15 |  40.5
        D:4 |     490 |     200 |  29.0 |      38 |       2 |   5.0
        D:5 |     963 |       0 |   0.0 |      20 |       0 |   0.0
        D:6 |    1851 |    1585 |  46.1 |      24 |       5 |  17.2
        D:7 |     965 |     398 |  29.2 |      26 |       1 |   3.7
        D:8 |     604 |     836 |  58.1 |      14 |       1 |   6.7
        D:9 |    4799 |    1525 |  24.1 |      45 |      12 |  21.1
       D:10 |    2123 |     433 |  16.9 |      15 |       1 |   6.2
       D:11 |    4158 |     638 |  13.3 |      17 |      14 |  45.2
       D:12 |    1810 |       0 |   0.0 |       8 |       0 |   0.0
       D:13 |    7272 |       0 |   0.0 |      14 |       0 |   0.0
       D:14 |    9680 |    1692 |  14.9 |      19 |       4 |  17.4
       D:15 |    8444 |    3930 |  31.8 |      18 |       9 |  33.3
     Lair:1 |    3921 |    2513 |  39.1 |      12 |      26 |  68.4
     Lair:2 |    5402 |    1319 |  19.6 |      17 |      21 |  55.3
     Lair:3 |    4843 |    1768 |  26.7 |      15 |       5 |  25.0
     Lair:4 |    7227 |    3113 |  30.1 |      24 |       7 |  22.6
     Lair:5 |    6735 |    8826 |  56.7 |      18 |      28 |  60.9
   Shoals:1 |    7335 |    3677 |  33.4 |      11 |       6 |  35.3
   Shoals:2 |   18605 |    9604 |  34.0 |      37 |      11 |  22.9
   Shoals:3 |   20824 |       0 |   0.0 |      39 |       0 |   0.0
   Shoals:4 |    1839 |    3625 |  66.3 |       4 |       9 |  69.2
   Spider:1 |   15554 |    4520 |  22.5 |      45 |       4 |   8.2
   Spider:2 |   11999 |       0 |   0.0 |      31 |       0 |   0.0
   Spider:3 |   21860 |    1000 |   4.4 |      49 |       2 |   3.9
      Orc:1 |    1482 |       0 |   0.0 |      31 |       0 |   0.0
      Orc:2 |    2862 |    6235 |  68.5 |      36 |      62 |  63.3
            +---------+---------+-------+---------+---------+-------
